[Event "BL 2024-25"]
[Site "Austria"]
[Date "2024.10.09"]
[Round "1.13"]
[White "Nisipeanu, Liviu-Dieter"]
[Black "Ragger, Markus"]
[Result "1/2-1/2"]
[ECO "C50"]
[WhiteElo "2584"]
[BlackElo "2584"]
[Annotator "TA"]
[PlyCount "116"]
[EventDate "2024.08.28"]
[EventType "team-tourn"]
[EventCountry "AUT"]
[SourceTitle "playchess.com"]
[Source "ChessBase"]
[SourceQuality "1"]
[WhiteTeam "Mayrhofen-Zell-Ziller"]
[BlackTeam "Maria Saal"]
[TimeControl "40/5400+30:1800+30"]

1. e4 e5 2. Nf3 Nc6 3. Bc4 Bc5 4. d3 d6 5. a4 a5 6. Nc3 Nf6 7. Be3 O-O (7... Bxe3 $11 8. fxe3 O-O) 8. Bxc5 $14 {[%emt 0:00:30] White is slightly better.} dxc5 9. Bb5 Bg4 10. Bxc6 bxc6 11. h3 Bxf3 12. Qxf3 Rb8 13. Rb1 Qd4 {[%emt 0:00:30][%cal Od4c3] Hoping for ...Qxc3+!} 14. O-O c4 15. Ne2 Qc5 16. Ng3 Ne8 17. dxc4 Qxc4 18. b3 Qc5 19. Rfe1 Nd6 20. Qe3 Qb6 21. Rbd1 f6 22. Qxb6 Rxb6 23. Re3 g6 {[%emt 0:00:30] Inhibits Nf5.} 24. Rc3 Kf7 25. f3 Rd8 26. Rdd3 Ke7 27. Nf1 Nb7 28. Rxd8 Kxd8 $16 {[%emt 0:00:30][%mdl 4096] Endgame. KRN-KRN} 29. Nd2 Kd7 30. h4 Nd6 31. Kf2 Rb8 32. g4 h6 {[%emt 0:00:30] [#]} (32... Rf8 $16) 33. g5 $1 $18 hxg5 34. hxg5 f5 35. Rc5 fxe4 36. fxe4 Rf8+ 37. Ke3 Nb7 38. Rxe5 Rh8 {[%emt 0:00:30] [#]} 39. Nc4 $1 Rh3+ 40. Kd2 {[%emt 0:00:30] White is more active.} c5 41. Rd5+ Ke6 42. Re5+ Kd7 43. Nb2 {[%emt 0:00:30] Nd3 is the strong threat.} Nd6 $1 44. Nd3 (44. Rxc5 $2 Nxe4+ 45. Ke2 Rh2+ (45... Nxc5 $2 46. Nc4 $19) 46. Kd1 Nxc5 $19) 44... c4 45. Nc5+ (45. Nf4 $14 cxb3 46. cxb3 (46. Nxh3 $2 {too greedy.} b2 $19) 46... Rxb3 47. Nxg6 (47. Rxa5 $2 Nc4+ 48. Ke2 Nxa5 $19)) 45... Kc6 $11 {[%emt 0:00:30] The position is equal.} 46. Ne6 Kb6 47. Nf4 cxb3 $1 48. cxb3 (48. Nxh3 $2 b2 49. Nf2 b1=Q $19 (49... b1=B $2 50. Re6 $18)) 48... Rxb3 49. Re6 {[%emt 0:00:30][%cal Oe4e5] And now e5! would win.} (49. Nxg6 Nc4+ 50. Kc2 Nxe5 51. Nxe5 Rg3 52. Nc4+ Kc5 53. Nxa5 Kd4 $19 (53... Rxg5 $2 54. Nb3+ Kc4 55. Nd2+ Kb4 56. Nf1 $19)) 49... Kc5 50. e5 Ne4+ 51. Kc2 Rc3+ 52. Kb2 Rf3 53. Nxg6 Rf2+ 54. Kc1 Rf1+ 55. Kc2 Rf2+ 56. Kc1 Rf1+ 57. Kc2 Rf2+ 58. Kc1 Rf1+ {[%emt 0:00:30] White really could win this.   Weighted Error Value: White=0.06 (flawless) /Black=0.06 (flawless) .  Mistake:       	White=1     	Black=2      Inaccurate:     	White=1     	Black=2      OK:         	White=24    	Black=17     Best:        	White=3     	Black=5      Strong:       	---       	Black=2      Brilliant:      	White=1     	---} 1/2-1/2

[Event "BL 2024-25"]
[Site "Austria"]
[Date "2024.10.09"]
[Round "1.14"]
[White "Costa, Leonardo"]
[Black "Vogel, Roven"]
[Result "1/2-1/2"]
[ECO "B90"]
[WhiteElo "2472"]
[BlackElo "2559"]
[Annotator "TA"]
[PlyCount "86"]
[EventDate "2024.08.28"]
[EventType "team-tourn"]
[EventCountry "AUT"]
[SourceTitle "playchess.com"]
[Source "ChessBase"]
[SourceQuality "1"]
[WhiteTeam "Maria Saal"]
[BlackTeam "Mayrhofen-Zell-Ziller"]
[TimeControl "40/5400+30:1800+30"]

1. e4 c5 2. Nf3 d6 3. d4 cxd4 4. Nxd4 Nf6 5. Nc3 a6 6. Rg1 h5 7. Bg5 Nbd7 8. Bc4 Qb6 {[%emt 0:00:53] Die Stellung ist ausgeglichen.} 9. Bb3 e6 10. Qd2 Nc5 11. Bxf6 gxf6 12. O-O-O Bd7 13. f4 O-O-O 14. Kb1 Kb8 15. f5 (15. Rgf1 $14) 15... Bh6 $11 16. Qe2 Bf4 17. Nf3 Nxb3 18. axb3 Bc6 19. Rgf1 Be3 20. fxe6 fxe6 21. Qc4 (21. Rd3 $14 {ist überlegen.} Bc5 22. Nd2) 21... f5 22. exf5 ({Viel schlechter ist} 22. Qxe6 fxe4 23. Nh4 (23. Nxe4 $2 Rhe8 $19) 23... Rhe8 $15) 22... d5 23. Qh4 d4 24. Na4 Bxa4 25. bxa4 exf5 26. Rd3 f4 27. Rfd1 Ka8 28. Qe7 (28. g3 $11 {ist eher angebracht.}) 28... Qd6 ({Günstiger ist} 28... Qg6 $15 29. Rb3 Qc6) 29. Qxd6 Rxd6 30. Nxd4 Rg8 31. Nf5 Rxd3 32. Rxd3 {[%emt 0:00:03][%mdl 4096] Endspiel. KRB-KRN} Bg1 33. Nh4 Bxh2 34. Rd5 Rh8 35. Rf5 Bg3 36. Ng6 Re8 37. Nxf4 Re1+ 38. Ka2 Rf1 39. Rf8+ Ka7 40. Ng6 Rg1 (40... Rxf8 $11 {hält das Gleichgewicht.} 41. Nxf8 b5) 41. Rg8 h4 {[%emt 0:02:55][%cal Og3f2] Weiß steht etwas besser.} 42. Kb3 Kb6 (42... Rxg2 $2 {ist das falsche Schlagen.} 43. Nxh4 Bxh4 44. Rxg2 $18) 43. c3 Re1 {[%emt 0:04:24] Gewichteter Fehlerwert: Weiß=0.09 (makellos) /Schwarz=0.13 (sehr präzise) .  Fehler:       	Weiß=3     	Schwarz=2     Ungenau:       	Weiß=2     	Schwarz=2     OK:         	Weiß=19    	Schwarz=12    Bester:       	---       	Schwarz=3} (43... Rxg2 $2 {verliert.} 44. Nxh4 $18) 1/2-1/2

[Event "BL 2024-25"]
[Site "Austria"]
[Date "2024.10.09"]
[Round "1.15"]
[White "Votava, Jan"]
[Black "Naumann, Alexander"]
[Result "1/2-1/2"]
[ECO "D12"]
[WhiteElo "2441"]
[BlackElo "2487"]
[Annotator "TA"]
[PlyCount "64"]
[EventDate "2024.08.28"]
[EventType "team-tourn"]
[EventCountry "AUT"]
[SourceTitle "playchess.com"]
[Source "ChessBase"]
[SourceQuality "1"]
[WhiteTeam "Mayrhofen-Zell-Ziller"]
[BlackTeam "Maria Saal"]
[TimeControl "40/5400+30:1800+30"]

1. d4 d5 2. Nf3 Nf6 3. c4 c6 4. e3 Bf5 5. Nc3 e6 6. Bd3 Bxd3 7. Qxd3 Nbd7 8. O-O Be7 9. b3 O-O 10. Bb2 Qc7 {[%emt 0:03:20] The position is equal.} 11. Rad1 Rad8 12. h3 h6 13. Qe2 Rfe8 14. e4 dxe4 15. Nxe4 Nxe4 16. Qxe4 Bf6 17. Rfe1 c5 18. Qe3 a6 19. Bc3 cxd4 20. Nxd4 Nc5 21. Nf3 {[%emt 0:02:24] [#] aiming for Bxf6.} Bxc3 22. Qxc3 Rxd1 23. Rxd1 Rd8 24. Rd4 a5 25. Qe3 {[%emt 0:03:10] [#] Rxd8+ is the strong threat.} Rxd4 26. Qxd4 $11 {[%emt 0:03:32][%mdl 4096] Endgame. KQN-KQN} b6 27. h4 Qd7 28. Qxd7 Nxd7 29. Kf1 Kf8 30. Ke2 Ke7 31. Ne1 Kd6 32. Ke3 Ke5 {A rather calm draw.   Weighted Error Value: White=0.02 (flawless) /Black=0.01 (flawless) .  OK:         	White=8     	Black=12} 1/2-1/2

[Event "BL 2024-25"]
[Site "Austria"]
[Date "2024.10.09"]
[Round "1.16"]
[White "Halvax, Georg"]
[Black "Maiwald, Jens-Uwe"]
[Result "1/2-1/2"]
[ECO "E11"]
[WhiteElo "2443"]
[BlackElo "2429"]
[Annotator "TA"]
[PlyCount "61"]
[EventDate "2024.08.28"]
[EventType "team-tourn"]
[EventCountry "AUT"]
[SourceTitle "playchess.com"]
[Source "ChessBase"]
[SourceQuality "1"]
[WhiteTeam "Maria Saal"]
[BlackTeam "Mayrhofen-Zell-Ziller"]
[TimeControl "40/5400+30:1800+30"]

1. d4 Nf6 2. c4 e6 3. Nf3 Bb4+ 4. Nbd2 O-O 5. a3 Be7 6. e3 d5 7. Qc2 {[%emt 0:00:45] The position is equal.} b6 8. Be2 c5 9. b3 cxd4 10. Nxd4 Bb7 11. O-O Nc6 12. Bb2 Rc8 13. Nxc6 Bxc6 14. Rad1 Qc7 15. Qb1 Rfd8 16. cxd5 Bxd5 17. Ba6 {[%emt 0:00:46][%cal Od1c1] [#] Threatens to win with Rc1!} Bb7 (17... Ng4 {keeps more tension.} 18. g3 Bb7 19. Bxb7 Qxb7 20. h3 Nf6) 18. Bxb7 Qxb7 19. Nc4 Ne4 {[%emt 0:06:44] Black wants to play ...b5.} 20. Rxd8+ Rxd8 21. Rd1 {[%emt 0:00:31] Inhibits Qd5.} Rxd1+ 22. Qxd1 Qd5 23. Qc2 f6 24. f3 Nc5 25. b4 Nd7 26. e4 Qc6 27. Ne3 Qxc2 28. Nxc2 a6 29. Kf2 Bd6 30. g3 b5 31. Bd4 {[%emt 0:01:50] An even fight not without its subleties.   Weighted Error Value: White=0.02 (flawless) /Black=0.01 (flawless) .  OK:         	White=11    	Black=10} 1/2-1/2

[Event "BL 2024-25"]
[Site "Austria"]
[Date "2024.10.09"]
[Round "1.17"]
[White "Platzgummer, Fabian"]
[Black "Bauer, Sebastian"]
[Result "1/2-1/2"]
[ECO "A05"]
[WhiteElo "2301"]
[BlackElo "2334"]
[Annotator "RC"]
[PlyCount "65"]
[EventDate "2024.08.28"]
[EventType "team-tourn"]
[EventCountry "AUT"]
[SourceTitle "playchess.com"]
[Source "ChessBase"]
[SourceQuality "1"]
[WhiteTeam "Mayrhofen-Zell-Ziller"]
[BlackTeam "Maria Saal"]
[TimeControl "40/5400+30:1800+30"]

1. Nf3 Nf6 2. g3 g6 3. b3 d5 4. Bb2 c5 5. Bg2 Bg7 6. O-O O-O 7. e3 Nc6 8. d4 cxd4 9. Nxd4 Bg4 10. Nxc6 bxc6 11. Qd2 Qc8 12. c4 Bh3 13. Rc1 Qf5 14. Qe2 e5 15. Qf3 Qe6 16. Bxh3 Qxh3 17. Bxe5 Ng4 18. Bxg7 Qxh2+ 19. Kf1 Kxg7 20. Ke2 Ne5 21. Qh1 Qxh1 22. Rxh1 dxc4 23. Nd2 cxb3 24. axb3 Rfd8 25. Ra5 Nd3 26. Nf3 Nb4 27. Rh4 Rd5 28. Ra4 c5 29. Rc4 a5 30. e4 Rd3 31. Rcxb4 Rxf3 32. Rb5 Rf6 33. Raxa5 1/2-1/2

[Event "BL 2024-25"]
[Site "Austria"]
[Date "2024.10.09"]
[Round "1.18"]
[White "Hartl, Daniel"]
[Black "Schiestl, Josef"]
[Result "1-0"]
[ECO "E63"]
[WhiteElo "2248"]
[BlackElo "2071"]
[Annotator "RC"]
[PlyCount "85"]
[EventDate "2024.08.28"]
[EventType "team-tourn"]
[EventCountry "AUT"]
[SourceTitle "playchess.com"]
[Source "ChessBase"]
[SourceQuality "1"]
[WhiteTeam "Maria Saal"]
[BlackTeam "Mayrhofen-Zell-Ziller"]
[TimeControl "40/5400+30:1800+30"]

1. d4 Nf6 2. c4 g6 3. g3 Bg7 4. Bg2 O-O 5. Nc3 d6 6. Nf3 Nc6 7. O-O a6 8. b3 e5 9. dxe5 dxe5 10. Qxd8 Rxd8 11. Bg5 Be6 12. Nd2 h6 13. Bxf6 Bxf6 14. Rfd1 Be7 15. Nd5 Bxd5 16. cxd5 Nd4 17. Kf1 Rac8 18. Nc4 Bd6 19. e3 Nc2 20. Rac1 Na3 21. Nb2 Kg7 22. Nd3 h5 23. Ke2 Rb8 24. f4 exf4 25. gxf4 Re8 26. e4 f6 27. Ke3 Re7 28. Bf3 Rc8 29. Rg1 Kf7 30. Rg2 Rh8 31. Nc5 c6 32. dxc6 bxc6 33. Nxa6 c5 34. Rd2 Nb5 35. Nxc5 g5 36. Nd3 f5 37. e5 gxf4+ 38. Kxf4 Bb8 39. Bd5+ Kg7 40. Kxf5 Rf8+ 41. Ke4 Ba7 42. Rc6 Rd7 43. Nf4 1-0

[Event "BL 2024-25"]
[Site "Austria"]
[Date "2024.10.09"]
[Round "1.19"]
[White "Gupta, Abhijeet"]
[Black "Pechac, Jergus"]
[Result "1/2-1/2"]
[ECO "D41"]
[WhiteElo "2573"]
[BlackElo "2582"]
[Annotator "TA"]
[PlyCount "178"]
[EventDate "2024.08.28"]
[EventType "team-tourn"]
[EventCountry "AUT"]
[SourceTitle "playchess.com"]
[Source "ChessBase"]
[SourceQuality "1"]
[WhiteTeam "Wien-St Veit"]
[BlackTeam "Mistelbach"]
[TimeControl "40/5400+30:1800+30"]

1. d4 Nf6 2. Nf3 d5 3. c4 e6 4. Nc3 c5 5. cxd5 cxd4 6. Qxd4 exd5 7. e4 {[%emt 0:01:11] D41: Queen's Gambit Declined: Semi-Tarrasch with 5 cxd5.} dxe4 8. Qxd8+ Kxd8 9. Ng5 Be6 10. a3 Nbd7 11. Bf4 h6 12. Ngxe4 Nxe4 13. Nxe4 Rc8 $146 ({Predecessor:} 13... f5 14. Ng3 g5 15. Bd2 Bg7 16. O-O-O Rc8+ 17. Kb1 f4 18. Ne4 Bf5 19. Bd3 Ne5 {0-1 Hakobyan,A (2617)-Niemann,H (2733) Julius Baer GenCup D3 L rapid 2024 (3.2)}) 14. Rd1 f5 15. Nd2 g5 16. Be3 Bg7 17. Bb5 a6 18. Bxd7 Kxd7 19. f4 Rc2 20. O-O Kc8 21. Rc1 Rxc1 22. Rxc1+ Kb8 23. fxg5 hxg5 24. Bxg5 Bxb2 25. Re1 Bd5 26. h4 Bd4+ 27. Kf1 Bc6 28. g3 Bc5 29. Bf4+ Ka7 30. Re5 Bb5+ 31. Kg2 Bc6+ 32. Kf1 Bb5+ 33. Kg2 Bc6+ 34. Kh2 Bd4 35. Be3 Bxe3 36. Rxe3 Kb6 37. Re5 f4 38. gxf4 Rxh4+ 39. Kg3 Rh8 40. f5 Kc7 41. Nf3 Kd6 42. Re6+ Kc5 43. Ng5 Bd7 44. Re7 Bxf5 45. Re5+ Kc4 46. Rxf5 Rd8 47. Kf4 Rd3 48. a4 Ra3 49. a5 Kb4 50. Rf7 Rxa5 51. Rxb7+ Kc4 (51... Rb5 $1 $11 52. Ra7 a5) 52. Ne4 $14 Rh5 53. Nf6 Rh4+ 54. Ke5 Rh1 55. Rc7+ Kd3 56. Rd7+ Kc4 57. Rd4+ Kb5 58. Rd2 Kc4 59. Rc2+ Kd3 60. Ra2 Rg1 61. Ne4 (61. Rxa6 Kc4 $16) 61... Rg8 62. Ra3+ Ke2 63. Nf6 (63. Rxa6 Re8+ 64. Kd4 Rd8+ 65. Kc4 Ke3 $16) 63... Rh8 64. Ng4 a5 65. Ke4 ({Of course not} 65. Rxa5 Rh5+ 66. Kd4 Rxa5 $11) 65... Kd2 66. Nf6 a4 67. Kd4 Kc2 68. Ne4 Rd8+ 69. Kc4 Rc8+ 70. Nc5 Kd2 71. Rh3 Ke2 72. Rg3 Ra8 73. Ra3 Rc8 74. Kd4 Rd8+ 75. Ke5 Re8+ 76. Ne6 Kd2 77. Kd5 Ra8 78. Kd4 Kc2 79. Rc3+ (79. Rf3 $14) 79... Kb2 $1 $11 80. Nc5 Rd8+ 81. Kc4 Rc8 82. Rh3 (82. Kb4 $5 Rb8+ $8 83. Kc4 $11) 82... a3 $1 83. Rb3+ Ka2 $1 84. Rb5 Ka1 85. Kc3 (85. Ra5 $5) 85... a2 86. Kd2 Rxc5 87. Rxc5 Kb2 88. Rb5+ Ka1 89. Ra5 Kb2 1/2-1/2

[Event "BL 2024-25"]
[Site "Austria"]
[Date "2024.10.09"]
[Round "1.20"]
[White "Kraus, Tomas"]
[Black "Solodovnichenko, Yuri"]
[Result "1-0"]
[ECO "A13"]
[WhiteElo "2461"]
[BlackElo "2497"]
[Annotator "RC"]
[PlyCount "121"]
[EventDate "2024.08.28"]
[EventType "team-tourn"]
[EventCountry "AUT"]
[SourceTitle "playchess.com"]
[Source "ChessBase"]
[SourceQuality "1"]
[WhiteTeam "Mistelbach"]
[BlackTeam "Wien-St Veit"]
[TimeControl "40/5400+30:1800+30"]

1. Nf3 d5 2. e3 Nf6 3. c4 e6 4. b3 c5 5. Bb2 Nc6 6. cxd5 exd5 7. Be2 Bd6 8. O-O O-O 9. d4 cxd4 10. Nxd4 Re8 11. Nd2 Bd7 12. Rc1 a6 13. Nxc6 bxc6 14. Qc2 a5 15. Bd3 c5 16. Bf5 Bb5 17. Rfd1 g6 18. Bh3 Be2 19. Re1 Ba6 20. g3 a4 21. bxa4 Nd7 22. Bg2 Bb7 23. Nc4 Bc7 24. Red1 Nb6 25. Nxb6 Bxb6 26. Bxd5 Bxd5 27. Qc3 f6 28. Rxd5 Qxd5 29. Qxf6 Ra7 30. Qh8+ Kf7 31. Qf6+ Kg8 32. Qh8+ Kf7 33. Qxh7+ Kf8 34. Qh8+ Ke7 35. Qf6+ Kd7 36. Qxb6 Rb7 37. Qxg6 Re6 38. Qh7+ Kc6 39. Qc2 Rc7 40. a5 Kb5 41. Bc3 Ka6 42. Rd1 Qf3 43. Rd8 Ka7 44. Be1 Qf6 45. Rd5 Qa1 46. Kf1 Rec6 47. Qc4 Qh8 48. h4 Qc8 49. Kg2 Qb7 50. e4 Qb1 51. Bd2 Ka8 52. Bf4 Rb7 53. Rd8+ Ka7 54. Be3 Rbc7 55. h5 Qe1 56. Qb5 Qc3 57. a4 Qf6 58. Qb8+ Ka6 59. Rf8 Qe6 60. Re8 Qf6 61. e5 1-0

[Event "BL 2024-25"]
[Site "Austria"]
[Date "2024.10.09"]
[Round "1.21"]
[White "Koellner, Ruben Gideon"]
[Black "Stalmach, Richard"]
[Result "0-1"]
[ECO "D01"]
[WhiteElo "2480"]
[BlackElo "2433"]
[Annotator "TA"]
[PlyCount "88"]
[EventDate "2024.08.28"]
[EventType "team-tourn"]
[EventCountry "AUT"]
[SourceTitle "playchess.com"]
[Source "ChessBase"]
[SourceQuality "1"]
[WhiteTeam "Wien-St Veit"]
[BlackTeam "Mistelbach"]
[TimeControl "40/5400+30:1800+30"]

1. d4 Nf6 2. Bg5 d5 3. e3 c5 4. Bxf6 gxf6 5. Nc3 e6 6. Qh5 cxd4 7. exd4 Bb4 8. Bd3 {[%cal Og1f3] Weiß steht etwas besser.} Nc6 9. Nf3 (9. Bxh7 $2 Qe7 (9... Nxd4 10. O-O-O $17) 10. Nge2 Qf8 $19) 9... f5 10. O-O {Droht stark Rae1.} Qf6 $1 11. Rae1 Kf8 12. Re3 Qg6 13. Qh3 h5 14. Ne5 {Wehrt Qg4 ab} ({Besser ist} 14. Ne2 $11) 14... Nxe5 $15 15. dxe5 Qg4 {Es drohte Qh4. Und ...d4 würde nun gewinnen.} 16. Ne2 Bd7 17. Rg3 Qxh3 18. Rxh3 Ke7 19. Rh4 Ba5 20. Ng3 (20. Nf4 $11) 20... f6 (20... Bc7 $15 21. f4 Bb6+ 22. Kh1 Be3) 21. exf6+ $11 Kxf6 22. Nxh5+ Kf7 ({Viel schlechter ist} 22... Kg5 23. f4+ Kg6 (23... Kxh4 24. Nf6 $11) 24. Rg4+ Kh6 (24... Kxh5 25. Rg5+ Kh6 26. Rf3 Bb6+ 27. Kh1 Be8 28. Rh3+) 25. Rg3 $11) 23. f4 (23. Rd1 $15) 23... a6 {[%mdl 1024] Schwarz hat starke Kompensation.} 24. Rh3 {[#]} Bb6+ $1 25. Kh1 Bb5 ({Günstiger ist} 25... Rac8 $17 26. Re1 d4) 26. Rff3 (26. Bxb5 $1 $15 axb5 27. a3) 26... Rac8 $17 {Schwarz steht aktiver.} 27. Bxb5 (27. c3 $17 {ist eine bessere Verteidigung.}) 27... axb5 $19 28. c3 {[#]} b4 $1 {[%mdl 512] Weiss muss nun ...bxc3 beachten.} 29. Ng3 ({Vergiftet wäre} 29. Rfg3 $2 d4 (29... Rh7 $2 30. Rf3 $19) 30. Rg7+ (30. cxb4 $2 Rc1#) 30... Kf8 31. Rxb7 (31. cxb4 $2 Rc1#) 31... dxc3 32. bxc3 (32. Rxb6 {führt zum Matt.} cxb2 33. Kg1 b1=Q+ 34. Kf2 Rc2+ 35. Kf3 Qd1+ 36. Ke3 Qe2+ 37. Kd4 Qe4#) 32... bxc3 $19) 29... bxc3 30. Rxc3 {[#]} (30. bxc3 $142 Rxh3 31. gxh3) 30... d4 $1 31. Rf3 (31. Rxc8 Rxc8 32. Ne2) 31... Rc1+ 32. Rf1 Rxf1+ 33. Nxf1 {Ein Fehler, der zur Niederlage führt.} Rxh3 34. gxh3 {[%mdl 4096] Endspiel. KB-KN} Bc7 35. Kg2 Bxf4 36. Kf3 e5 37. a4 Bg5 38. Ng3 Ke6 {Zielt auf ...d3 ab.} 39. b4 d3 {Schwarz setzt Matt.} 40. a5 e4+ 41. Kf2 Bd2 42. h4 e3+ 43. Kf3 e2 44. Nxe2 dxe2 {Gewichteter Fehlerwert: Weiß=0.72/Schwarz=0.07 (makellos) .  Fehler:       	Weiß=7     	Schwarz=2     Ungenau:       	Weiß=1     	Schwarz=1     OK:         	Weiß=8     	Schwarz=9     Bester:       	Weiß=2     	Schwarz=1     Stark:        	---       	Schwarz=2     Brilliant:      	---       	Schwarz=1} 0-1

[Event "BL 2024-25"]
[Site "Austria"]
[Date "2024.10.09"]
[Round "1.22"]
[White "Haba, Petr"]
[Black "Antoniewski, Rafal"]
[Result "1/2-1/2"]
[ECO "A50"]
[WhiteElo "2422"]
[BlackElo "2443"]
[Annotator "TA"]
[PlyCount "64"]
[EventDate "2024.08.28"]
[EventType "team-tourn"]
[EventCountry "AUT"]
[SourceTitle "playchess.com"]
[Source "ChessBase"]
[SourceQuality "1"]
[WhiteTeam "Mistelbach"]
[BlackTeam "Wien-St Veit"]
[TimeControl "40/5400+30:1800+30"]

1. Nf3 Nf6 2. c4 b6 3. g3 Bb7 4. Bg2 g6 5. O-O Bg7 6. Nc3 O-O 7. d4 Ne4 8. Nxe4 Bxe4 9. Be3 d6 10. Qd2 c5 11. Bh6 Nc6 12. Bxg7 Kxg7 13. e3 (13. Qe3 $14 Bxf3 14. Qxf3 Nxd4 15. Qxa8 Qxa8 (15... Nxe2+ 16. Kh1 $11) 16. Bxa8 Rxa8 (16... Nxe2+ $2 {loses.} 17. Kg2 $18) 17. e3) 13... e6 14. Rfd1 Qf6 15. Ne1 Bxg2 16. Kxg2 cxd4 17. exd4 d5 18. cxd5 exd5 19. Nc2 Rfe8 20. Re1 h5 21. h4 Re4 22. f3 Rxe1 23. Rxe1 Rc8 24. Qg5 Qxg5 (24... Nxd4 $2 {perishes.} 25. Qxf6+ Kxf6 26. Nxd4 $18) 25. hxg5 $11 {[%emt 0:00:04][%mdl 4096] Endgame. KRN-KRN} Nd8 26. Re2 Ne6 27. f4 Kf8 28. Ne3 Rd8 29. Rd2 Ke7 30. Nd1 f6 (30... Rd7 $15 {is more appropriate.}) 31. gxf6+ Kxf6 32. Nc3 Rd7 {[%emt 0:01:33] Weighted Error Value: White=0.08 (flawless) /Black=0.06 (flawless) .  Mistake:       	White=1     	Black=1      Inaccurate:     	White=1     	Black=1      OK:         	White=9     	Black=8      Best:        	White=2     	---} 1/2-1/2

[Event "BL 2024-25"]
[Site "Austria"]
[Date "2024.10.09"]
[Round "1.23"]
[White "Kuegel, Tobias"]
[Black "Bures, Jaroslav"]
[Result "1/2-1/2"]
[ECO "B12"]
[WhiteElo "2428"]
[BlackElo "2407"]
[Annotator "RC"]
[PlyCount "116"]
[EventDate "2024.08.28"]
[EventType "team-tourn"]
[EventCountry "AUT"]
[SourceTitle "playchess.com"]
[Source "ChessBase"]
[SourceQuality "1"]
[WhiteTeam "Wien-St Veit"]
[BlackTeam "Mistelbach"]
[TimeControl "40/5400+30:1800+30"]

1. e4 c6 2. d4 d5 3. f3 e6 4. Bd3 dxe4 5. fxe4 Qxd4 6. Nf3 Qb6 7. e5 Nd7 8. Qe2 Nh6 9. Nbd2 Qc7 10. Nc4 b5 11. Nd6+ Bxd6 12. exd6 Qxd6 13. Bxh6 gxh6 14. O-O-O Bb7 15. Kb1 Qe7 16. Qe3 a6 17. Qxh6 O-O-O 18. Rhf1 c5 19. Qe3 Nf6 20. Ng5 Bxg2 21. Rg1 Bd5 22. Rdf1 c4 23. Be2 h6 24. Nf3 Nd7 25. Rg7 Qf6 26. Rgg1 Qe7 27. Rg7 Qf8 28. Rfg1 f5 29. Ne5 Nxe5 30. Qxe5 Qd6 31. Qd4 Bb7 32. Qa7 Rd7 33. R7g6 f4 34. Bg4 Bd5 35. Qd4 Rf8 36. Rxh6 f3 37. Rf1 Qf4 38. Qxf4 Rxf4 39. Bxe6 Bxe6 40. Rxe6 Rh7 41. Rf2 Rg7 42. Re1 b4 43. Ref1 Rg2 44. c3 b3 45. axb3 cxb3 46. Kc1 a5 47. Rxf3 Rc2+ 48. Kb1 Rxf3 49. Rxf3 Rxh2 50. Rf1 Kd7 51. Rg1 a4 52. Kc1 Kc6 53. Rg6+ Kb5 54. Rg1 Kc4 55. Kb1 Kd3 56. Rd1+ Ke3 57. Kc1 Rc2+ 58. Kb1 Rh2 1/2-1/2

[Event "BL 2024-25"]
[Site "Austria"]
[Date "2024.10.09"]
[Round "1.24"]
[White "Mikes, Jan"]
[Black "Kulon, Klaudia"]
[Result "1/2-1/2"]
[ECO "C55"]
[WhiteElo "2349"]
[BlackElo "2395"]
[Annotator "RC"]
[PlyCount "129"]
[EventDate "2024.08.28"]
[EventType "team-tourn"]
[EventCountry "AUT"]
[SourceTitle "playchess.com"]
[Source "ChessBase"]
[SourceQuality "1"]
[WhiteTeam "Mistelbach"]
[BlackTeam "Wien-St Veit"]
[TimeControl "40/5400+30:1800+30"]

1. e4 e5 2. Nf3 Nc6 3. Bc4 Nf6 4. d3 h6 5. c3 d6 6. O-O g6 7. d4 Qe7 8. Re1 Bg7 9. h3 O-O 10. Nbd2 Na5 11. Bf1 c5 12. d5 b6 13. b4 Nb7 14. a4 cxb4 15. cxb4 Nd7 16. Rb1 f5 17. exf5 gxf5 18. Nd4 Nf6 19. Ba6 Kh8 20. Qf3 e4 21. Qb3 Nh5 22. Bb2 Nf4 23. Nf1 Na5 24. bxa5 Bxa6 25. Ng3 Qg5 26. axb6 axb6 27. Ne6 Nxe6 28. dxe6 Rg8 29. Bc1 Qg6 30. Qd5 Be5 31. Bb2 Qg7 32. Bxe5 dxe5 33. Qd7 Qg5 34. h4 Qxh4 35. Nxf5 Qg5 36. Ne3 Rg7 37. Qd5 Rag8 38. Rxb6 Bd3 39. e7 Rxe7 40. Re6 Rxe6 41. Qxe6 Qf4 42. a5 h5 43. Qh3 h4 44. g3 Rg6 45. Ng2 Qd2 46. Qxh4+ Kg8 47. Qd8+ Kh7 48. Qe7+ Rg7 49. Qxe5 Rf7 50. Qd4 Qxa5 51. Ra1 Qg5 52. Ra7 Qc1+ 53. Kh2 Qh6+ 54. Nh4 Qg7 55. Qxg7+ Kxg7 56. Rxf7+ Kxf7 57. g4 Kf6 58. Kg3 Kg5 59. Nf5 Be2 60. Nd6 Bxg4 61. Nxe4+ Kf5 62. Nd6+ Kg5 63. f4+ Kh5 64. f5 Bxf5 65. Nxf5 1/2-1/2

[Event "BL 2024-25"]
[Site "Austria"]
[Date "2024.10.09"]
[Round "1.25"]
[White "Unuk, Laura"]
[Black "Abasov, Nijat"]
[Result "0-1"]
[ECO "D02"]
[WhiteElo "2304"]
[BlackElo "2619"]
[Annotator "TA"]
[PlyCount "74"]
[EventDate "2024.08.28"]
[EventType "team-tourn"]
[EventCountry "AUT"]
[SourceTitle "playchess.com"]
[Source "ChessBase"]
[SourceQuality "1"]
[WhiteTeam "Pamhagen"]
[BlackTeam "Feffernitz"]
[TimeControl "40/5400+30:1800+30"]

1. d4 Nf6 2. Nf3 d5 3. Bf4 c5 4. e3 Nc6 5. Nbd2 Bg4 6. c3 e6 7. h3 Bh5 8. Qb3 Qc8 9. Be2 {[%emt 0:00:18] White has an edge.} h6 10. Bb5 Nd7 11. O-O a6 12. Bxc6 Qxc6 13. c4 dxc4 14. Qxc4 Be7 15. Rfc1 b5 16. Qe2 (16. Qc3 $1 $14) 16... c4 $11 17. e4 (17. a3 $11) 17... O-O $15 18. Qe3 Rac8 19. a3 Qb7 20. b3 cxb3 {[%emt 0:00:47] [#] aiming for ...b2. Black is more active. Black continues to play with concentration.} 21. Qxb3 Rxc1+ 22. Rxc1 Rc8 {[%emt 0:00:13] Prevents Rc7.} 23. Rc3 Rxc3 24. Qxc3 Nf6 25. Ne5 Nxe4 26. Qc2 (26. Qc6 $17 Qxc6 27. Nxc6 Nxd2 (27... Bxa3 $2 {perishes.} 28. Nxe4 f6 29. Bd6 $18) 28. Nxe7+ Kf8 29. Bxd2 Kxe7 30. f4) 26... Nxd2 $19 27. Bxd2 f6 $36 {[%emt 0:01:43][%mdl 2048] Black is on the roll.} 28. Nc6 (28. Ng6 {is a better defense.} Bxa3 29. Qb3 Bxg6 30. Qxa3) 28... Bxa3 29. Qb3 {[%emt 0:00:26] [#]} Bf8 30. Qxe6+ Bf7 31. Qe4 (31. Nd8) 31... b4 {[%emt 0:00:35] Black is clearly winning.} 32. Bc1 a5 33. d5 a4 34. Qc4 a3 35. Bxh6 gxh6 36. Qg4+ Kh8 37. Qf5 a2 {[%emt 0:00:20] Weighted Error Value: White=0.83/Black=0.04 (flawless) .  Mistake:       	White=5     	---        Inaccurate:     	White=2     	Black=2      OK:         	White=3     	Black=14     Best:        	White=1     	Black=5} 0-1